 Dungeon Crawl Stone Soup version 0.22-a0-422-g9628fc8 (webtiles) character file.

2108 Falco the Thaumaturge (level 9, 0/50 HPs)
             Began as a Deep Elf Ice Elementalist on May 19, 2018.
             Was a Follower of Vehumet.
             Slain by a yak (8 damage)
             ... on level 6 of the Dungeon.
             The game lasted 00:49:55 (7583 turns).

Falco the Thaumaturge (Deep Elf Ice Elementalist)   Turns: 7583, Time: 00:49:55

Health: 0/50       AC:  6    Str:  5    XL:     9   Next: 7%
Magic:  4/24       EV: 16    Int: 24    God:    Vehumet [*.....]
Gold:   265        SH:  0    Dex: 18    Spells: 11/26 levels left

rFire    . . .     SeeInvis .   u - +1 quarterstaff of Satyriasis {flame, Dex+3}
rCold    . . .     Gourm    .   (shield currently unavailable)
rNeg     . . .     Faith    +   a - +0 robe
rPois    .         Spirit   .   (no helmet)
rElec    .         Reflect  .   l - +1 cloak
rCorr    .         Harm     .   (no gloves)
MR       .....                  (no boots)
Stlth    ++++......             h - amulet of faith
HPRegen  0.16/turn              m - +2 ring of protection
MPRegen  0.19/turn              (no ring)

@: no status effects
A: no striking features
a: Renounce Religion


You were on level 6 of the Dungeon.
You worshipped Vehumet.
Vehumet was aware of your devotion.
You were not hungry.

You visited 2 branches of the dungeon, and saw 7 of its levels.
You also visited: Ossuary.

You collected 265 gold pieces.

Inventory:

Hand Weapons
 g - a +1 dagger of draining
 k - a +3 quarterstaff of chaos
 s - a +2 short sword of draining
 u - the +1 quarterstaff of Satyriasis (weapon) {flame, Dex+3}
   (You found it on level 4 of the Dungeon)

   It has been specially enchanted to burn those struck by it, causing extra
   injury to most foes and up to half again as much damage against particularly
   susceptible opponents.
   It affects your dexterity (+3).
Missiles
 n - 7 poisoned needles
 r - 2 throwing nets (quivered)
Armour
 a - a +0 robe (worn)
 l - a +1 cloak (worn)
Jewellery
 h - an amulet of faith (around neck)
 m - a +2 ring of protection (left hand)
Wands
 j - a wand of acid (12)
Scrolls
 f - 2 scrolls of fear
 i - a scroll of teleportation {unknown}
 t - a scroll of random uselessness {unknown}
 v - 2 scrolls of amnesia {unknown}
 x - a scroll of enchant armour {unknown}
 y - a scroll of enchant weapon {unknown}
Potions
 b - a potion of lignification
 e - 2 potions of ambrosia {unknown}
 o - a potion of might {unknown}
 p - 2 potions of flight
 q - a potion of agility
 z - 2 potions of curing
Comestibles
 c - 3 rations


   Skills:
 + Level 3.0 Fighting
 + Level 1.0 Short Blades
 + Level 4.0 Staves
 + Level 5.8 Dodging
 + Level 6.5 Stealth
 + Level 9.3 Spellcasting
 + Level 4.7 Conjurations
   Level 4.7 Hexes
 + Level 5.4 Charms
 + Level 4.1 Summonings
 + Level 7.9 Ice Magic


You had 11 spell levels left.
You knew the following spells:

 Your Spells              Type           Power        Failure   Level  Hunger
a - Freeze                Ice            ####         1%          1    None
b - Throw Frost           Conj/Ice       #####.       1%          2    None
c - Ozocubu's Armour      Chrm/Ice       #####...     1%          3    None
d - Throw Icicle          Conj/Ice       #####...     4%          4    ##.....
e - Summon Ice Beast      Ice/Summ       #####...     4%          4    ##.....
f - Shock                 Conj/Air       ###.         1%          1    None

Your spell library contained the following spells:

 Spells                   Type           Power        Failure   Level  Hunger


Dungeon Overview and Level Annotations

Branches:
Dungeon (6/15)             Temple (1/1) D:4

Altars:
Ashenzari
Cheibriados
Dithmenos
Elyvilon
Fedhas
Gozag
Hepliaklqana
Kikubaaqudgha
Makhleb
Nemelex Xobeh
Okawaru
Qazlal
Ru
Sif Muna
Trog
Uskayaw
Vehumet
Wu Jian
Xom
Yredelemnul
Zin
The Shining One


Message History

Casting: Summon Ice Beast (safe; 4% risk of failure)
Confirm with . or Enter, or press ? or * to list all spells.
Aiming: Freeze (safe; 1% risk of failure)
Press: ? - help, Shift-Dir - straight line, f - yak
Aim: a yak (severely wounded)
You freeze the yak.
The yak is severely wounded.
The yak gores you.
* * * LOW HITPOINT WARNING * * *
Things that are here:
a dagger of draining; a robe; an orc skeleton
Casting: Freeze (safe; 1% risk of failure)
Confirm with . or Enter, or press ? or * to list all spells.
A chill wind blows around you.
Your ice beast disappears in a puff of smoke!
The yak closely misses you.
Casting: Summon Ice Beast (safe; 4% risk of failure)
Confirm with . or Enter, or press ? or * to list all spells.
A chill wind blows around you. The yak gores you!
You die...

##.......(..#
#...........#
#####.#.........#
#.....#.........# #
#.#####.........#
####### #.# ##.########
......####.#### #(#
.####.........###.#
...####.....#.YY@.######
##..#.......###Y........
##.#.#.....###.########
#...#.Y...##.[#
####........)#)####
.###.####.........#
...#.#######.#.##.....
..........##....# ####
##.Y#####.##.#...#


You could see a yak and 2 friendly ice beasts.

Vanquished Creatures
  Purgy (D:3)
  A sky beast (D:5)
  A big kobold (D:4)
  The ghost of Falco the Sneak, an amateur SpAs (D:3)
  2 scorpions (D:5)
  Crazy Yiuf (D:2)
  5 orc wizards
  Terence (D:3)
  An iguana (D:6)
  3 worker ants
  A hound skeleton (D:4)
  3 mummies
  4 adders
  An adder skeleton (D:4)
  5 worms
  2 dart slugs (D:1)
  5 leopard geckos
  13 orcs
  2 giant cockroaches
  8 hobgoblins
  6 jackals (D:4)
  2 quokkas
  2 bats
  8 frilled lizards
  12 goblins
  14 kobolds
  A leopard gecko skeleton (D:4)
  A quokka skeleton (D:4)
  8 rats
115 creatures vanquished.

Vanquished Creatures (collateral kills)
  2 yaks (D:6)
  Duvessa (D:6)
  A sky beast (D:6)
  An ogre (D:6)
  Dowan (D:6)
  4 orc wizards (D:6)
  2 shadow imps (D:6)
  4 orcs (D:6)
  4 jackals (D:4)
20 creatures vanquished.

Vanquished Creatures (others)
  An eldritch tentacle (D:4)
  A giant cockroach (D:4)
  A plant (D:4)
3 creatures vanquished.

Grand Total: 138 creatures vanquished

Notes
Turn   | Place    | Note
-------+----------+-------------------------------------------
     0 | D:1      | Falco the Deep Elf Ice Elementalist began the quest for the Orb.
     0 | D:1      | Reached XP level 1. HP: 10/10 MP: 6/6
   321 | D:1      | Reached XP level 2. HP: 15/15 MP: 6/8
   332 | D:1      | Learned a level 2 spell: Throw Frost
   890 | D:1      | Reached XP level 3. HP: 19/19 MP: 7/10
  1027 | D:2      | Learned a level 3 spell: Ozocubu's Armour
  1278 | D:2      | Found a glowing golden altar of the Shining One.
  1542 | D:2      | Found a sparkling altar of Nemelex Xobeh.
  1619 | D:2      | Reached skill level 4 in Spellcasting
  1981 | D:2      | Reached XP level 4. HP: 24/24 MP: 7/12
  1990 | D:2      | Learned a level 4 spell: Throw Icicle
  2072 | D:2      | Found a runed door.
  2272 | D:2      | Noticed Crazy Yiuf
  2278 | D:2      | Killed Crazy Yiuf
  2466 | D:3      | Noticed Terence
  2471 | D:3      | Killed Terence
  2477 | D:3      | Noticed Falco's ghost (amateur SpAs)
  2649 | D:3      | Reached skill level 5 in Spellcasting
  2649 | D:3      | Reached XP level 5. HP: 21/28 MP: 1/14
  2667 | D:3      | Reached skill level 5 in Ice Magic
  3017 | D:3      | Noticed Purgy
  3028 | D:3      | Killed Purgy
  3028 | D:3      | Reached XP level 6. HP: 14/32 MP: 2/16
  3217 | D:3      | Learned a level 4 spell: Summon Ice Beast
  3236 | D:3      | Reached skill level 1 in Charms
  3756 | D:3      | Killed Falco's ghost
  4009 | D:4      | Reached skill level 6 in Spellcasting
  4433 | D:4      | Got a jewelled quarterstaff
  4434 | D:4      | Identified the +1 quarterstaff of Satyriasis {flame, Dex+3} (You found it on level 4 of the Dungeon)
  4445 | D:4      | Found a sand-covered staircase.
  4452 | D:4      | Reached skill level 1 in Short Blades
  4506 | Ossuary  | Entered an ossuary
  4892 | D:4      | Reached XP level 7. HP: 37/37 MP: 15/18
  5314 | D:4      | Found a staircase to the Ecumenical Temple.
  5323 | Temple   | Entered the Ecumenical Temple
  5458 | Temple   | Became a worshipper of Vehumet
  5835 | D:5      | Entered Level 5 of the Dungeon
  5873 | D:5      | Found a stormy altar of Qazlal.
  6010 | D:5      | Found a stormy altar of Qazlal.
  6010 | D:5      | Found an iron altar of Okawaru.
  6012 | D:5      | Found an ornate altar of the Wu Jian Council.
  6013 | D:5      | Found a shimmering altar of Xom.
  6013 | D:5      | Found a snail-covered altar of Cheibriados.
  6013 | D:5      | Found a blossoming altar of Fedhas.
  6014 | D:5      | Found a hide-covered altar of Uskayaw.
  6170 | D:5      | Reached skill level 7 in Spellcasting
  6355 | D:5      | Found a glowing silver altar of Zin.
  6841 | D:5      | Found a burning altar of Makhleb.
  6846 | D:5      | Noticed a blizzard demon
  6848 | D:5      | Noticed an angel
  6965 | D:5      | Found a deep blue altar of Sif Muna.
  6965 | D:5      | Found a white marble altar of Elyvilon.
  7060 | D:5      | Reached skill level 5 in Dodging
  7060 | D:5      | Reached skill level 9 in Spellcasting
  7060 | D:5      | Reached skill level 5 in Charms
  7060 | D:5      | Reached XP level 8. HP: 46/46 MP: 20/23
  7078 | D:6      | Noticed Duvessa
  7078 | D:6      | Noticed Dowan
  7083 | D:6      | Killed Dowan
  7093 | D:6      | Killed Duvessa
  7099 | D:6      | Reached * piety under Vehumet
  7099 | D:6      | Offered knowledge of Shock by Vehumet.
  7105 | D:6      | Learned a level 1 spell: Shock
  7520 | D:6      | Reached XP level 9. HP: 50/50 MP: 16/24
  7583 | D:6      | Slain by a yak

Vault maps used:
D:1:      saegor_arrival_simple_e, minmay_misc_feat_enclosed,
          supply_closet_lemuel
D:2:      old_standard_altar, nemelex_spade_bored_becter,
          uniq_crazy_yiuf_cottage
D:3:      uniq_terence, uniq_purgy
D:4:      minmay_temple_entry_trees, gup_ossuary_entry_pyramid,
          lexackson_kobold_supper
D:5:      grunt_temple_overflow_order_and_chaos_2, grunt_temple_overflow_open,
          amethyst_overflow_temple_binary, first_ration, grunt_qazlal_clouds
D:6:      uniq_duvessa
Temple:   eino_temple_lava
Ossuary:  ossuary_the_hunt_dpeg

Skill      XL: |  1  2  3  4  5  6  7  8  9 |
---------------+----------------------------+-----
Ice Magic      | 4 5 7 |  7.9
Stealth        | 3 6 |  6.5
Spellcasting   | 4 5 6 9 |  9.3
Charms         | 1 5 |  5.4
Dodging        | 3 5 |  5.8
Short Blades   | 1 |  1.0
Conjurations   | 4 |  4.7
Fighting       | 3 |  3.0
Staves         | 3 4 |  4.0
Hexes          | 4 |  4.7
Summonings     | 3 4 |  4.1

Action                   |  1- 3 |  4- 6 |  7- 9 || total
-------------------------+-------+-------+-------++-------
Melee: Dagger            |       |    45 |       ||    45
       Quarterstaff      |       |     7 |    44 ||    51
       Short sword       |       |     2 |       ||     2
 Cast: Freeze            |    31 |    44 |    24 ||    99
       Throw Frost       |    29 |    43 |    45 ||   117
       Ozocubu's Armour  |       |     6 |     1 ||     7
       Throw Icicle      |       |     2 |       ||     2
       Summon Ice Beast  |       |     1 |    15 ||    16
       Shock             |       |       |     4 ||     4
  Use: Scroll            |     1 |     4 |     4 ||     9
       Potion            |       |     2 |     1 ||     3
 Stab: Sleeping          |       |     1 |     5 ||     6
  Eat: Ration            |     2 |     2 |     3 ||     7
Armor: Robe              |     1 |    42 |    24 ||    67
Dodge: Dodged            |     8 |    65 |    48 ||   121

Table legend:
 A = Spawn XP
 B = Non-spawn XP
 C = Spawn XP percentage of total XP
 D = Spawn monster count
 E = Non-spawn monster count
 F = Spawn count percentage of total count
 G = Total turns spent on level
                    A         B        C        D         E        F      G
               +---------+---------+-------+---------+---------+-------+---------
         Total |       0 |    1878 |   0.0 |       0 |     135 |   0.0 |  7583
               +---------+---------+-------+---------+---------+-------+---------
           D:1 |       0 |      41 |   0.0 |       0 |      22 |   0.0 |  1019
           D:2 |       0 |     102 |   0.0 |       0 |      23 |   0.0 |  1548
           D:3 |       0 |     357 |   0.0 |       0 |      17 |   0.0 |  1326
           D:4 |       0 |     320 |   0.0 |       0 |      37 |   0.0 |  1738
           D:5 |       0 |     333 |   0.0 |       0 |      10 |   0.0 |  1243
           D:6 |       0 |     694 |   0.0 |       0 |      24 |   0.0 |   505
       Ossuary |       0 |      31 |   0.0 |       0 |       2 |   0.0 |    59
               +---------+---------+-------+---------+---------+-------+---------
